Cogmind - Beta 13 X1 @@@ ROGUE MODE // 2023.08.10 @ 12:34:12 Player: Runia Result: Destroyed by YI-UF0 with YI-UF0's Doublenader Performance ------------- Evolutions (0) 0 Regions Visited (4) 800 Robots Destroyed (24) 120 Value Destroyed (323) 323 Prototype IDs (26) 520 Alien Tech Used (0) 0 Bonus (-144) -144 TOTAL SCORE: 1619 Bonus ------- Aligned with FarCom 300 Friendly Fire -444 Cogmind --------- Core Integrity 0/250 Matter 225/300 Energy 100/100 System Corruption 1% Temperature Cool (20) Movement Core (750) Ox14 Location -9/Mines Parts ------- > --- POWER (1) -------- (None) > --- PROPULSION (2) --- Compact Wheel > --- UTILITY (2) ------ High-capacity Storage Unit Core Shielding > --- WEAPON (2) ------- Light Assault Rifle Mini Grenade Launcher > --- INVENTORY (20) --- Light Treads Light Treads Light Treads Compact Wheel High-capacity Matter Pod (49) Transport Network Coupler High-powered Tractor Beam Medium Laser Light Assault Rifle XL Autogun Array Battle Cannon Mini Grenade Launcher Mini Grenade Launcher Mini Grenade Launcher Peak State ------------ > --- POWER ------------ Light Ion Engine > --- PROPULSION ------- Light Treads Compact Wheel > --- UTILITY ---------- High-capacity Storage Unit Core Shielding > --- WEAPON ----------- Light Assault Rifle Light Assault Rifle > --- INVENTORY -------- Light Treads Light Treads Light Treads Compact Wheel High-capacity Matter Pod Transport Network Coupler High-powered Tractor Beam Medium Laser Light Assault Rifle XL Autogun Array Battle Cannon Mini Grenade Launcher Mini Grenade Launcher Mini Grenade Launcher Mini Grenade Launcher [Rating: 12] Favorites ----------- Power Light Ion Engine Engine Light Ion Engine Propulsion Light Treads Treads Light Treads Leg Aluminum Leg Wheel Compact Wheel Utility Core Shielding Device Structural Scanner Storage High-capacity Storage Unit Protection Core Shielding Weapon Light Assault Rifle Energy Gun EM Pulse Gun Ballistic Gun Light Assault Rifle Ballistic Cannon Battle Cannon Launcher Mini Grenade Launcher Build | -11 -10 -10 -10 -9 ------- Run | Jun Mat Min Exi Min Slots Evolved . | . . . . . Power . | . . . . . Propulsion . | . . . . . Utility . | . . . . . Weapon . | . . . . . Parts Attached 22 | 3 7 8 3 1 Power 1 | . . . 1 . Engine 1 | . . . 1 . Core . | . . . . . Reactor . | . . . . . Propulsion 4 | 2 2 . . . Treads 3 | 2 1 . . . Leg . | . . . . . Wheel 1 | . 1 . . . Hover . | . . . . . Flight . | . . . . . Utility 3 | . 3 . . . Device 1 | . 1 . . . Storage 1 | . 1 . . . Processor . | . . . . . Hackware . | . . . . . Protection 1 | . 1 . . . Artifact . | . . . . . Weapon 14 | 1 2 8 2 1 Energy Gun . | . . . . . Energy Cannon . | . . . . . Ballistic Gun 8 | 1 1 4 2 . Ballistic Cannon 1 | . . 1 . . Launcher 5 | . 1 3 . 1 Special Weapon . | . . . . . Impact Weapon . | . . . . . Slashing Weapon . | . . . . . Piercing Weapon . | . . . . . Special Melee Weapon . | . . . . . Unidentified Prototypes . | . . . . . Parts Lost 3 | . . . . 3 Power 1 | . . . . 1 Propulsion 1 | . . . . 1 Utility . | . . . . . Weapon 1 | . . . . 1 Highest Loss Streak 3 | . . . . 3 To Critical Strikes . | . . . . . Average Slot Usage (%) 89 | . 95 100 72 97 Engine 13 | . 14 14 14 12 Treads 16 | . 20 14 14 14 Wheel 11 | . 7 14 14 14 Storage 14 | . 14 14 14 14 Protection 11 | . 8 14 14 14 Ballistic Gun 18 | . 27 19 1 28 Ballistic Cannon 1 | . . 6 . . Naked Turns . | . . . . . Heaviest Build 48 | 10 46 48 46 46 Greatest Support 40 | 40 40 16 16 16 Greatest Overweight (x) 2 | . 2 2 2 2 Average Overweight (x) 1 | . 1 2 2 2 Largest Inventory Capacity 20 | 8 20 20 20 20 Average Capacity 17 | 8 14 20 20 20 Most Carried 20 | 6 16 18 20 18 Average Carried 15 | 4 11 17 19 17 Final Capacity 20 | 8 20 20 20 20 Final Carried 18 | 3 16 18 18 17 Class Distribution -------------------- 100% | Mutant Dominant Class ---------------- Mutant | -10/Materials Mutant | -10/Mines Mutant | -10/Exiles Mutant | -9/Mines Resources | -11 -10 -10 -10 -9 ----------- Run | Jun Mat Min Exi Min Matter Collected 656 | 200 138 118 200 . Remotely . | . . . . . Salvage Created 704 | . 553 142 . 9 Parts 36 | . 26 10 . . Haulers Intercepted 2 | . 2 . . . Recyclers Shooed 6 | . 6 . . . Parts Field Recycled . | . . . . . Retrieved Matter . | . . . . . Parts Self-Destructed . | . . . . . Prevented . | . . . . . Kills | -11 -10 -10 -10 -9 ------- Run | Jun Mat Min Exi Min Combat Hostiles Destroyed 16 | . 6 7 . 3 Guns 3 | . 3 . . . AOE 13 | . 3 7 . 3 Classes Destroyed 7 | . 5 1 . 1 Worker 2 | . . 2 . . Builder 1 | . 1 . . . Hauler 2 | . 2 . . . Recycler 6 | . 5 1 . . Swarmer 8 | . 3 5 . . Grunt 5 | . 3 2 . . Assembled 3 | . . . . 3 Best Kill Streak 5 | . 5 4 . 3 Combat Bots Only 3 | . 3 3 . 3 Max Kills in Single Turn 3 | . 3 2 . 2 Gunslinging . | . . . . . Exploded 2 | . 2 2 . 2 Melee . | . . . . . Uniques/NPCs Destroyed . | . . . . . Combat | -11 -10 -10 -10 -9 -------- Run | Jun Mat Min Exi Min Damage Taken 819 | . 207 164 . 448 Core 260 | . 67 30 . 163 Absorbed by Shields . | . . . . . Redirected to Shielding 44 | . 5 6 . 33 Regen/Repaired (Parts) 136 | . 136 . . . Core Remaining (%) 100 | 100 . . . . Volleys Fired 69 | . 43 9 . 17 Largest 2 | . 2 1 . 2 Hottest 40 | . 40 30 . 40 Shots Fired 124 | . 83 9 . 32 Gun 110 | . 80 . . 30 Cannon . | . . . . . Launcher 14 | . 3 9 . 2 Special . | . . . . . Kinetic 110 | . 80 . . 30 Thermal . | . . . . . Explosive 14 | . 3 9 . 2 Electromagnetic . | . . . . . Robot Hit Streak 7 | . 7 4 . 7 Robot Miss Streak 3 | . 3 1 . 2 Penetration Max . | . . . . . Secondary Targets . | . . . . . Shots Hit Robots 83 | . 55 2 . 26 Core Hits 53 | . 28 13 . 12 Critical Kills 1 | . 1 . . . Critical Parts Destroyed . | . . . . . Critical Strikes 1 | . 1 . . . Destroy 1 | . 1 . . . Melee Attacks . | . . . . . Impact . | . . . . . Slashing . | . . . . . Piercing . | . . . . . Sneak Attacks . | . . . . . Combat Hostiles . | . . . . . Follow-up Attacks . | . . . . . Damage Inflicted 2244 | . 879 947 . 418 Guns 666 | . 463 . . 203 Cannons . | . . . . . Explosions 1578 | . 416 947 . 215 Melee . | . . . . . Ramming . | . . . . . Kinetic 666 | . 463 . . 203 Thermal . | . . . . . Explosive 1578 | . 416 947 . 215 Electromagnetic . | . . . . . Impact . | . . . . . Slashing . | . . . . . Piercing . | . . . . . Highest Corruption 1 | . 1 1 1 1 Average Corruption 1 | . 1 1 1 1 Corruption Purged . | . . . . . Corruption Blocked . | . . . . . Effects 10 | . 5 2 2 1 Matter Fused 3 | . . . 2 1 Heat Flow Errors 3 | . 2 1 . . Energy Discharges 2 | . 2 . . . Data Loss (major) 2 | . 1 1 . . Overload Shots . | . . . . . Overflow Damage 130 | . 92 38 . . Projectiles . | . . . . . Explosions 130 | . 92 38 . . Melee . | . . . . . Knockbacks . | . . . . . Impact . | . . . . . Kinetic . | . . . . . Secondary . | . . . . . Self-Inflicted Damage 58 | . . 26 . 32 Shots 3 | . . 2 . 1 Rammed . | . . . . . Targets Rammed . | . . . . . Kicked . | . . . . . Crushed . | . . . . . Highest Temperature 190 | . 190 178 . 20 Average Temperature 45 | . 39 80 . 14 Received Heat Transfer 241 | . 102 39 . 100 Siege Activations . | . . . . . Robots Corrupted . | . . . . . Combat Hostiles . | . . . . . Parts Fried . | . . . . . Impact Corruptions . | . . . . . Robots Melted . | . . . . . Combat Hostiles . | . . . . . Parts Melted . | . . . . . Heat Transferred . | . . . . . Parts Sabotaged . | . . . . . Parts Stolen . | . . . . . Parts Stripped . | . . . . . Power Chain Reactions . | . . . . . Missiles Intercepted . | . . . . . Alert | -11 -10 -10 -10 -9 ------- Run | Jun Mat Min Exi Min Peak Influence 310 | . 155 310 . 4 Initial 60 | . . 60 . . Average 125 | . 82 233 . . Maximum Alert Level 1 | . . 1 . . Low Security (%) 75 | 100 100 22 . 100 Level 1 24 | . . 77 . . Level 2 . | . . . . . Level 3 . | . . . . . Level 4 . | . . . . . Level 5 . | . . . . . High Security . | . . . . . Max Security . | . . . . . Squads Dispatched 1 | . 1 . . . Investigation 1 | . 1 . . . Extermination . | . . . . . Reinforcement . | . . . . . Assault . | . . . . . Garrison . | . . . . . Intercept . | . . . . . Searches Triggered . | . . . . . Construction Impeded . | . . . . . Haulers Reinforced . | . . . . . Active Scanning Responses . | . . . . . Cargo Convoy Interrupts . | . . . . . Stealth | -11 -10 -10 -10 -9 --------- Run | Jun Mat Min Exi Min Distress Signals 1 | . 1 . . . Communications Jammed . | . . . . . Distress Signals . | . . . . . Times Spotted 26 | . 9 8 . 9 Peak Tracking Total 6 | . 3 3 . 6 Tactical Retreats 1 | . . 1 . . Traps | -11 -10 -10 -10 -9 ------- Run | Jun Mat Min Exi Min Traps Triggered 1 | . 1 . . . Indirectly . | . . . . . Trap Hack Attempts . | . . . . . Triggered . | . . . . . Disarmed . | . . . . . Reprogrammed . | . . . . . Reused . | . . . . . Traps Extracted . | . . . . . Installed . | . . . . . Triggered . | . . . . . Machines | -11 -10 -10 -10 -9 ---------- Run | Jun Mat Min Exi Min Machines Disabled . | . . . . . Max in Single Turn . | . . . . . Machines Repaired . | . . . . . Machines Sabotaged . | . . . . . Overloaded Fab Kills . | . . . . . Hacking | -11 -10 -10 -10 -9 --------- Run | Jun Mat Min Exi Min Machines Accessed 7 | . 5 . 2 . Terminals 4 | . 4 . . . Fabricators . | . . . . . Repair Stations 1 | . 1 . . . Recycling Units . | . . . . . Scanalyzers . | . . . . . Garrison Access . | . . . . . Total Hacks 18 | . 16 . 2 . Successful 8 | . 6 . 2 . Failed 10 | . 10 . . . Catastrophic 1 | . 1 . . . Database Lockouts . | . . . . . Manual 5 | . 4 . 1 . Terminals 12 | . 12 . . . Fabricators . | . . . . . Repair Stations 4 | . 4 . . . Recycling Units . | . . . . . Scanalyzers . | . . . . . Garrison Access . | . . . . . Terminal Hacks 4 | . 2 . 2 . Record 1 | . . . 1 . Part Schematic 1 | . 1 . . . Prototype ID Bank 1 | . 1 . . . Derelict Proto ID Bank 1 | . . . 1 . Fabricator Hacks . | . . . . . Repair Station Hacks 4 | . 4 . . . Scan Component 2 | . 2 . . . Repair 2 | . 2 . . . Recycling Unit Hacks . | . . . . . Scanalyzer . | . . . . . Garrison Access Hacks . | . . . . . Unauthorized Hacks . | . . . . . Terminals . | . . . . . Fabricators . | . . . . . Repair Stations . | . . . . . Recycling Units . | . . . . . Scanalyzers . | . . . . . Garrison Access . | . . . . . Data Cores Recovered . | . . . . . Used . | . . . . . Hacking Detections 4 | . 4 . . . Full Trace Events 1 | . 1 . . . Feedback Events 1 | . 1 . . . Corruption 1 | . 1 . . . Feedback Blocked . | . . . . . Robot Schematics Acquired . | . . . . . Robots Built . | . . . . . Authchips . | . . . . . Time . | . . . . . Total Robot Build Rating . | . . . . . Part Schematics Acquired 1 | . 1 . . . Parts Built . | . . . . . Authchips . | . . . . . Time . | . . . . . Total Part Build Rating . | . . . . . Parts Repaired 2 | . 2 . . . Time 52 | . 52 . . . Parts Recycled . | . . . . . Recycled Matter . | . . . . . Retrieved Matter . | . . . . . Retrieved Components . | . . . . . Parts Scanalyzed . | . . . . . Part Schematics Acquired . | . . . . . Parts Damaged . | . . . . . Bothacking | -11 -10 -10 -10 -9 ------------ Run | Jun Mat Min Exi Min Used RIF Installer . | . . . . . Robots Hacked . | . . . . . Non-combat . | . . . . . Combat . | . . . . . Robot Hacks Applied . | . . . . . Relay Couplers Released . | . . . . . Fabnet Peak Effective % . | . . . . . Robots Rewired . | . . . . . Allies Hacked . | . . . . . Hacks Repelled . | . . . . . Allies | -11 -10 -10 -10 -9 -------- Run | Jun Mat Min Exi Min Total Allies . | . . . . . Largest Group . | . . . . . Highest-Rated Group . | . . . . . Highest-Rated Ally . | . . . . . Total Orders . | . . . . . Ally Attacks . | . . . . . Total Damage . | . . . . . Kills . | . . . . . Allies Corrupted . | . . . . . Allies Melted . | . . . . . Intel | -11 -10 -10 -10 -9 ------- Run | Jun Mat Min Exi Min Robot Analysis Total . | . . . . . Derelict Logs Recovered . | . . . . . Drone Launches . | . . . . . Drone Recoveries . | . . . . . Exploration | -11 -10 -10 -10 -9 ------------- Run | Jun Mat Min Exi Min Turns Passed 1627 | 5 711 372 469 70 Spaces Moved 997 | 1 360 260 356 20 Core . | . . . . . Treads 162 | 1 161 . . . Legs . | . . . . . Wheels 835 | . 199 260 356 20 Hover . | . . . . . Flight . | . . . . . Fastest Speed 130 | 160 130 130 130 130 Average Speed 135 | 160 144 130 130 130 Slowest Speed 240 | 160 240 130 130 130 Overloaded Moves . | . . . . . Propulsion Burnouts . | . . . . . Robots Hopped . | . . . . . Cave-ins Triggered . | . . . . . Exploration Rate (%) 43 | 3 58 70 70 14 Regions Visited 4 Branch Regions 3 Pre-discovered Areas 1 | . . . 1 . Known Exits Taken . | . . . . . Unknown Exits Taken 4 | 1 1 1 1 . Scrap Searched 1 | . . 1 . . Spaces Dug 44 | . 16 28 . . Terrain Destroyed 103 | . 36 58 . 9 Melee . | . . . . . Projectile . | . . . . . AOE 103 | . 36 58 . 9 Terrain Rammed . | . . . . . Walls Destroyed . | . . . . . Machines Disabled . | . . . . . Actions | -11 -10 -10 -10 -9 --------- Run | Jun Mat Min Exi Min Total 1174 | 6 483 281 365 39 Wait 60 | . 56 3 . 1 Move 993 | . 359 259 355 20 Hop . | . . . . . Pick Up 18 | . 15 2 1 . Fast Attach 3 | . 3 . . . Attach 6 | 3 . . 2 1 Detach 2 | . . . 2 . Swap 13 | . 4 8 1 . Drop 10 | 3 3 . 4 . Fire 69 | . 43 9 . 17 Melee . | . . . . . Ram . | . . . . . Kick . | . . . . . Crush . | . . . . . Escape Stasis . | . . . . . Rewire . | . . . . . Trap . | . . . . . Miscellaneous . | . . . . . Route ------- -11/Junkyard -10/Materials (discovered 3 exits: [*Mat x2] / [*Min]) -10/Mines (discovered 3 exits: [*Mat x2] / *Exi) -10/Exiles -9/Mines History --------- Turn | Location | Event 6 | -11/Junkyard | Discovered new exit (range 0) 6 | -11/Junkyard | Entered Materials 153 | -10/Materials | Discovered new exit (range 11) 207 | -10/Materials | Discovered new exit (range 10) 310 | -10/Materials | Build established: Mutant 431 | -10/Materials | Discovered new exit (range 16) 668 | -10/Materials | Repaired Lgt. Treads 695 | -10/Materials | Repaired Lgt. Treads 717 | -10/Materials | Entered Mines 735 | -10/Mines | Met a Derelict bent on vengeance 803 | -10/Mines | Discovered new exit (range 13) 820 | -10/Mines | A weapon hastily lodged in a ceiling crevice suddenly fell to the ground 894 | -10/Mines | Discovered new exit (range 7) 1072 | -10/Mines | Deemed a non-threat by the Exiles lab entrance 1074 | -10/Mines | Discovered new exit (range 5) 1089 | -10/Mines | Entered Exiles 1126 | -10/Exiles | Met 8R-AWN 1144 | -10/Exiles | Met EX-HEX 1194 | -10/Exiles | Met EX-DEC 1201 | -10/Exiles | Learned location of Zion (-7) 1223 | -10/Exiles | Met EX-BIN 1241 | -10/Exiles | Aligned with FarCom system 1243 | -10/Exiles | Given EX-Vault access code 1278 | -10/Exiles | Opened EX-Vault 1289 | -10/Exiles | Found XL Autogun Array 1315 | -10/Exiles | Warned to stay clear of 0b10 Research branches 1540 | -10/Exiles | Discovered new exit (range 12) 1558 | -10/Exiles | Left Exiles lab with XL Autogun Array 1558 | -10/Exiles | Entered Mines 1559 | -9/Mines | Assembled infested the area 1564 | -9/Mines | Assisted by a Guerilla fighting off Assembled 1575 | -9/Mines | YI-UF0 nonchalantly dropped a Grenade Launcher on the ground 1612 | -9/Mines | Core integrity fell below 50% 1626 | -9/Mines | Core integrity fell below 20% 1628 | -9/Mines | Destroyed by YI-UF0 with YI-UF0's Doublenader Last Messages --------------- 01605_ as-34379 destroyed. 01605_ K-01 Serf collects debris. 01607_ as-95327 destroyed. 01609_ as-26460 destroyed. 01609_ as-78694 destroyed. 01615_ Destroyed Shock Absorption System. 01616_ K-01 Serf collects debris. 01616_ Lgt. Ion Engine destroyed. 01620_ Lgt. Assault Rifle destroyed. 01621_ Knocked back. 01622_ K-01 Serf cleans the Pressure Siphon. 01625_ as-62596 destroyed. 01625_ as-42097 destroyed. 01626_ System corrupted: Matter fused (-10). 01626_ The unstable cave ceiling collapses. 01627_ as-53275 destroyed. 01628_ Lgt. Treads destroyed. Map ----- +----------------------------------------------------+ | ?????????????????????????????????????????????????? | | ?????????????????????????????????????????????????? | | ?????????????????????????????????????????????????? | | ?????????????????????????????????????????????????? | | ?????????????????????????????????????????????????? | | ?????????????????????????????????????????????????? | | ?????????????????????????????????????????????????? | | ?????????????????????????????????????????????????? | | ?????????????????????????????????????????????????? | | ?????????????????????????????????????????????????? | | ?????????????????????????????????????????????????? | | ?????????????????????????????????????????????????? | | ????????????????????????????????????????? ??????? | | ???????????????????????????????????????? ??????? | | ?????????????????????????####?????????? ??????? | | ????????????????????????## ##???????? ???????? | | ????????????????????????# #?????? #???????? | | ????????????????????###?# ##???? #???????? | | ???????????????????## #?# #### ##??????? | | ??????????????????## ?## #??????? | | ?????????????"???## ## #???????? | | ???????????""" ## # #???????? | | ??????????? g a #????????? | | ?????????? % #????????? | | ???????????# a ##?????????? | | ????????????# @ # ##?????????? | | ?????????????????# #???????????????? | | ?????????????????##### ] ##???????????????? | | ?????????????????????# # ## ##??????????????? | | ???????????????????? #?##### ##?????????????? | | ?????????????????? ###??????## ##????????????? | | ???????????????? ??????????## #????????????? | | ???????????????# ##???????????## #???????????? | | ?????????g????? ??????????????# ##???????????? | | ??????????????##???????????????# ????????????? | | ???????????????????????????????# d #???????????? | | ???????????????????????????????# # ???????????? | | ???????????????????????????????# #?????????????? | | ???????????????????????????????# #?????????????? | | ?????????????????????????????? #?????????????? | | ?????????????????????????????#### ?????????????? | | ????????????????????????????????#####????????????? | | ?????????????????????????????????????????????????? | | ?????????????????????????????????????????????????? | | ?????????????????????????????????????????????????? | | ?????????????????????????????????????????????????? | | ?????????????????????????????????????????????????? | | ?????????????????????????????????????????????????? | | ?????????????????????????????????????????????????? | | | +----------------------------------------------------+ Best States ------------- Heat Dissipation 25 Energy Generation 10 Energy Capacity 125 Matter Stores 300 Matter Capacity 300 Sight Range 16 Terrain Scan Density 10 Core Shielding 20 Evasion (%) 40 Recoil Reduction 2 Item Schematics ----------------- Huge Storage Unit | -10/Materials | Hacked Robot Schematics ------------------ None Fabricated ------------ Nothing Alien Tech Used ----------------- None Achievements -------------- None Challenges ------------ None Game ------ Seed ZioniteMeleeBeamcaster Manual? 0 Play Time 00:10:20 Cumulative 838.2 hours Start 2023.08.10 @ 12:22:15 End 2023.08.10 @ 12:34:12 Sessions 1 Manual Loads 0 Difficulty Rogue Special Mode None Game No. 724 Rogue 724 Adventurer 0 Explorer 0 Win Type - Total 42 Types 14/7/9/1/1/1/7/1/1 Lore% 93 Gallery% 96 Achievement% 82 Wizard Run 0 Options --------- ASCII 0 Keyboard 0 Movement Mouse Keybinds 1 Fullscreen 2 Font 24/Smallcaps Map View 76x50 Tactical HUD 1 Map Filters NONE Filters NONE Steam 1 RUN: 8a42011a-95c9-460a-977a-b3d46918c81e